 Dungeon Crawl Stone Soup version 0.22.1-2-g9c5b331 (webtiles) character file.

42 MalarOregon the Poker (level 3, 0/29 HPs)
             Began as a Merfolk Gladiator on Nov 23, 2018.
             Slain by a gnoll
             ... wielding a +0 spear
              (7 damage)
             ... on level 2 of the Dungeon.
             The game lasted 00:01:51 (1350 turns).

MalarOregon the Poker (Merfolk Gladiator)           Turns: 1350, Time: 00:01:52

Health: 0/29       AC:  6    Str: 14    XL:     3   Next: 56%
Magic:  3/3        EV: 14    Int:  8    God:
Gold:   62         SH:  0    Dex: 15    Spells: 2/2 levels left

rFire    . . .     SeeInvis .   a - +0 trident
rCold    . . .     Gourm    .   (no shield)
rNeg     . . .     Faith    .   b - +1 leather armour
rPois    .         Spirit   .   r - +2 hat
rElec    .         Reflect  .   (no cloak)
rCorr    .         Harm     .   (no gloves)
MR       .....                  (no boots)
Stlth    +.........             (no amulet)
HPRegen  0.09/turn              (no ring)
MPRegen  0.08/turn              (no ring)

@: no status effects
A: change form in water, swift swim, stealthy swim
a: no special abilities


You were on level 2 of the Dungeon.
You were not hungry.

You visited 1 branch of the dungeon, and saw 2 of its levels.

You collected 62 gold pieces.

Inventory:

Hand Weapons
 a - a +0 trident (weapon)
Missiles
 d - 3 throwing nets (quivered) {!f}
Armour
 b - a +1 leather armour (worn)
 r - a +2 hat (worn)
   (You found it on level 2 of the Dungeon)
Scrolls
 c - a scroll of enchant weapon {unknown}
 g - 6 scrolls of identify {@r1}
Potions
 f - a potion of brilliance {unknown}
 h - 3 potions of haste {@q3}
 i - a potion of agility {unknown}
 n - a potion of resistance {unknown}
Comestibles
 e - 9 rations {!d}
 q - a chunk of flesh


   Skills:
 + Level 3.0 Fighting
 + Level 5.2 Polearms
 - Level 2.0 Throwing
 + Level 4.7 Dodging


You had 2 spell levels left.
You didn't know any spells.
Your spell library was empty.

Dungeon Overview and Level Annotations

Branches:
Dungeon (2/15)

Altars:


Message History

e - 8 rations {!d} (gained 1)
g - 6 scrolls of identify {@r1} (gained 3)
c - a scroll labeled UTUMAI JAHINO
Found a blowgun.
e - 9 rations {!d} (gained 1)
You see here 10 bolts.
You open the door.
There is an open door here.
A gnoll comes into view. It is wielding a spear.
The gnoll shouts!
A gnoll comes into view.
The gnoll shouts!
Attack whom?
Aim: a gnoll, wielding a spear You reach to attack!
You barely miss the gnoll.
A gnoll comes into view. It is wielding a whip.
The gnoll barely misses you.
Attack whom?
Aim: a gnoll, wielding a spear You reach to attack!
You closely miss the gnoll.
The gnoll shouts!
Attack whom?
Aim: a gnoll, wielding a spear You reach to attack!
You closely miss the gnoll.
The gnoll hits you from afar with a spear.
Attack whom?
Aim: a gnoll You reach to attack!
You closely miss the gnoll. The gnoll barely misses you.
You puncture the gnoll! The gnoll hits you but does no damage.
The gnoll closely misses you. The gnoll misses you.
There is an open door here.
You hit the gnoll. The gnoll hits you.
You hit the gnoll but do no damage. The gnoll hits you.
You barely miss the gnoll. The gnoll closely misses you. The gnoll misses you.
You barely miss the gnoll. The gnoll closely misses you.
The gnoll hits you but does no damage.
The gnoll hits you from afar with a spear.
You hit the gnoll. The gnoll hits you but does no damage.
The gnoll hits you with a whip.
* * * LOW HITPOINT WARNING * * *
The gnoll hits you with a whip.
* * * LOW HITPOINT WARNING * * *
The gnoll closely misses you.
Attack whom?
Aim: a gnoll, wielding a spear You reach to attack!
You closely miss the gnoll. The gnoll hits you.
* * * LOW HITPOINT WARNING * * *
The gnoll hits you from afar with a spear!
You die...

..........'..............#...#...
..........##...........#.#...#...
.......######.###...####.##.##...
.......# #...#...# #.##.##...
.......########.#...####.##.##.##
..#.............#......#.##.##.#.
.<......########.......+.........
............####.......##.#.##...
§.............##@#......#.#.###..
§§.####.......##g#.####.#........
#+#####.......##g#....#.#...####.
..............##.###....#........
................g..#....###....#.
...................#.......>.#.#.
..######..........##...##....#...
..................++...##....#...
............##....##...##....#<..


You could see 3 gnolls.

Vanquished Creatures
  An adder (D:2)
  A worm (D:2)
  3 dart slugs (D:1)
  A leopard gecko (D:1)
  A giant cockroach (D:1)
  A goblin (D:1)
  4 hobgoblins (D:1)
  2 jackals (D:2)
  3 bats
  3 frilled lizards
  5 rats
25 creatures vanquished.

Notes
Turn   | Place    | Note
-------+----------+-------------------------------------------
     0 | D:1      | MalarOregon the Merfolk Gladiator began the quest for the
                  | Orb.
     0 | D:1      | Reached XP level 1. HP: 16/16 MP: 1/1
    69 | D:1      | Reached XP level 2. HP: 23/23 MP: 2/2
   641 | D:1      | Reached skill level 5 in Polearms
   641 | D:1      | Reached XP level 3. HP: 28/28 MP: 3/3
  1350 | D:2      | Slain by a gnoll

Skill      XL: |  1  2  3 |
---------------+----------+-----
Polearms       | 5 |  5.2
Fighting       | 3 |  3.0
Throwing       | |  2.0
Dodging        | |  4.7

Action                   || total
-------------------------++-------
Melee: Trident           ||   100
  Use: Scroll            ||     6
  Eat: Chunk             ||     1
Armor: Leather armour    ||    16
Dodge: Dodged            ||    56
